2983 views
Uploaded 2020-04-03 21:50:22
Game version 1.32.3
18:54 long 4on4 ladder game on (8)Battleground_LV
Saved by BEARAND
2983 views
Uploaded 2020-04-03 21:50:22
Game version 1.32.3
18:54 long 4on4 ladder game on (8)Battleground_LV


123 units @ 11.1k
/ 0.8k
212 buildings @ 14.1k
/ 6.6k



| Rod of Necromancy | 2 | 300 |
| Ritual Dagger | 2 | 250 |
| Sacrificial Skull | 2 | 100 |
| Orb of Corruption | 2 | 750 |
| Boots of Speed | 2 | 500 |
| Staff of Teleportation | 2 | 300 |
| Scroll of Regeneration | 1 | 100 |
| total: | 13 | 2300g |
| Acolyte | 8 | 600 | / | 0 |
| Ghoul | 15 | 1800 | / | 0 |
| Obsidian Statue | 2 | 400 | / | 70 |
| total: | 25 | 2800g | / | 70w |
| Nerubian Tower | 4 | 400 | / | 80 |
| Spirit Tower | 1 | 145 | / | 40 |
| Crypt | 1 | 200 | / | 50 |
| Altar of Darkness | 1 | 180 | / | 50 |
| Ziggurat | 6 | 900 | / | 300 |
| Graveyard | 1 | 215 | / | 0 |
| Tomb of Relics | 3 | 390 | / | 90 |
| Slaughterhouse | 1 | 140 | / | 135 |
| Halls of the Dead | 1 | 320 | / | 210 |
| Black Citadel | 1 | 325 | / | 230 |
| total: | 13 | 2025g | / | 625w |
| 0:02 | Acolyte |
| 0:07 | Crypt |
| 0:12 | Acolyte |
| 0:17 | Altar of Darkness |
| 0:19 | Ziggurat |
| 0:46 | Graveyard |
| 1:10 | Ghoul |
| 1:24 | Tomb of Relics |
| 1:28 | Ziggurat |
| 1:39 | Ghoul |
| 1:40 | Ghoul |
| 1:52 | Ghoul |
| 2:19 | Death Coil |
| 2:20 | Ghoul |
| 2:30 | Rod of Necromancy |
| 2:30 | Ritual Dagger |
| 2:38 | Ghoul |
| 2:49 | Ghoul |
| 3:39 | Halls of the Dead |
| 3:49 | Ghoul |
| 4:15 | Ghoul |
| 4:47 | Unholy Aura |
| 4:53 | Ghoul |
| 5:30 | Cannibalize |
| 5:52 | Ziggurat |
| 6:52 | Death Coil |
| 6:58 | Acolyte |
| 6:58 | Acolyte |
| 7:03 | Ghoul |
| 7:24 | Ghoul |
| 7:24 | Ghoul |
| 7:28 | Acolyte |
| 7:28 | Acolyte |
| 7:44 | Ghoul |
| 7:56 | Acolyte |
| 7:59 | Frost Nova |
| 8:17 | Boots of Speed |
| 8:17 | Staff of Teleportation |
| 8:35 | Acolyte |
| 8:36 | Scroll of Regeneration |
| 8:46 | Black Citadel |
| 8:47 | Ghoul |
| 9:59 | Tomb of Relics |
| 10:09 | Nerubian Tower |
| 10:24 | Ritual Dagger |
| 10:24 | Sacrificial Skull |
| 10:25 | Sacrificial Skull |
| 10:29 | Rod of Necromancy |
| 10:52 | Slaughterhouse |
| 11:09 | Ziggurat |
| 11:50 | Frost Armor |
| 11:53 | Orb of Corruption |
| 12:06 | Obsidian Statue |
| 12:06 | Obsidian Statue |
| 12:21 | Ziggurat |
| 12:23 | Ziggurat |
| 12:43 | Tomb of Relics |
| 12:50 | Silence |
| 13:04 | Boots of Speed |
| 13:08 | Staff of Teleportation |
| 13:46 | Nerubian Tower |
| 13:47 | Nerubian Tower |
| 14:11 | Orb of Corruption |
| 14:22 | Spirit Tower |
| 14:24 | Nerubian Tower |
| 15:08 | Unholy Aura |
| 15:34 | Life Drain |
| Right click | 872 |
| Select group | 518 |
| Assign group | 358 |
| Select | 167 |
| Resource trade | 88 |
| Build/train/purchase | 80 |
| Use ability | 41 |
| Misc. action | 28 |
| Item give/drop | 3 |
| Remove unit | 2 |
| Minimap ping | 1 |



| Scroll of Regeneration | 1 | 100 |
| Staff of Teleportation | 1 | 150 |
| total: | 2 | 250g |
| Peasant | 30 | 2250 | / | 0 |
| total: | 30 | 2250g | / | 0w |
| Scout Tower | 107 | 3210 | / | 2140 |
| Arcane Tower | 2 | 140 | / | 100 |
| Guard Tower | 50 | 3500 | / | 2500 |
| Altar of Kings | 1 | 180 | / | 50 |
| Farm | 4 | 320 | / | 80 |
| Lumber Mill | 1 | 120 | / | 0 |
| Town Hall | 1 | 385 | / | 205 |
| Arcane Vault | 1 | 130 | / | 30 |
| Keep | 1 | 320 | / | 210 |
| Castle | 1 | 360 | / | 210 |
| total: | 115 | 4345g | / | 2505w |
| 0:01 | Peasant |
| 0:04 | Altar of Kings |
| 0:12 | Peasant |
| 0:19 | Peasant |
| 0:20 | Farm |
| 0:29 | Peasant |
| 0:32 | Lumber Mill |
| 0:45 | Peasant |
| 0:51 | Peasant |
| 1:09 | Peasant |
| 1:21 | Scout Tower |
| 1:23 | Scout Tower |
| 1:26 | Peasant |
| 1:29 | Farm |
| 1:40 | Scout Tower |
| 1:46 | Scout Tower |
| 1:47 | Peasant |
| 2:02 | Arcane Tower |
| 2:04 | Scout Tower |
| 2:07 | Blizzard |
| 2:10 | Guard Tower |
| 2:17 | Peasant |
| 2:21 | Scout Tower |
| 2:32 | Scout Tower |
| 2:38 | Arcane Tower |
| 2:45 | Guard Tower |
| 2:46 | Scout Tower |
| 2:47 | Peasant |
| 2:51 | Peasant |
| 3:00 | Guard Tower |
| 3:03 | Scout Tower |
| 3:05 | Peasant |
| 3:10 | Scout Tower |
| 3:26 | Guard Tower |
| 3:27 | Scout Tower |
| 3:28 | Scout Tower |
| 3:30 | Guard Tower |
| 3:31 | Scout Tower |
| 3:31 | Scout Tower |
| 3:55 | Scout Tower |
| 3:56 | Scout Tower |
| 3:56 | Scout Tower |
| 3:56 | Scout Tower |
| 3:57 | Peasant |
| 3:57 | Peasant |
| 3:59 | Farm |
| 4:02 | Peasant |
| 4:03 | Peasant |
| 4:11 | Guard Tower |
| 4:11 | Guard Tower |
| 4:18 | Guard Tower |
| 4:20 | Peasant |
| 4:22 | Improved Masonry |
| 4:26 | Guard Tower |
| 4:34 | Guard Tower |
| 4:36 | Guard Tower |
| 4:38 | Scout Tower |
| 4:38 | Scout Tower |
| 4:40 | Scout Tower |
| 4:41 | Scout Tower |
| 5:19 | Guard Tower |
| 5:22 | Peasant |
| 5:25 | Peasant |
| 5:27 | Guard Tower |
| 5:55 | Brilliance Aura |
| 6:10 | Scout Tower |
| 6:10 | Scout Tower |
| 6:11 | Scout Tower |
| 6:12 | Scout Tower |
| 6:16 | Town Hall |
| 6:28 | Guard Tower |
| 6:32 | Scout Tower |
| 6:32 | Scout Tower |
| 6:33 | Scout Tower |
| 6:38 | Keep |
| 7:10 | Scout Tower |
| 7:15 | Guard Tower |
| 7:16 | Guard Tower |
| 7:22 | Arcane Vault |
| 7:25 | Scout Tower |
| 7:26 | Scout Tower |
| 7:27 | Scout Tower |
| 7:27 | Scout Tower |
| 7:27 | Scout Tower |
| 7:34 | Guard Tower |
| 7:40 | Scout Tower |
| 7:47 | Guard Tower |
| 7:58 | Staff of Teleportation |
| 8:07 | Guard Tower |
| 8:08 | Scout Tower |
| 8:32 | Blizzard |
| 8:38 | Scout Tower |
| 8:39 | Scout Tower |
| 8:39 | Guard Tower |
| 8:41 | Peasant |
| 8:41 | Peasant |
| 9:28 | Castle |
| 9:55 | Guard Tower |
| 9:57 | Scout Tower |
| 9:58 | Scout Tower |
| 10:00 | Scout Tower |
| 10:00 | Scout Tower |
| 10:00 | Scout Tower |
| 10:28 | Scroll of Regeneration |
| 10:33 | Storm Bolt |
| 10:52 | Guard Tower |
| 10:56 | Peasant |
| 10:59 | Advanced Masonry |
| 10:59 | Improved Lumber Harvesting |
| 11:22 | Scout Tower |
| 11:23 | Scout Tower |
| 11:24 | Scout Tower |
| 11:25 | Scout Tower |
| 11:25 | Scout Tower |
| 11:26 | Scout Tower |
| 11:26 | Scout Tower |
| 11:27 | Scout Tower |
| 11:27 | Scout Tower |
| 11:28 | Scout Tower |
| 11:29 | Scout Tower |
| 11:29 | Scout Tower |
| 11:30 | Scout Tower |
| 11:30 | Scout Tower |
| 11:33 | Peasant |
| 11:33 | Peasant |
| 12:02 | Farm |
| 12:05 | Guard Tower |
| 12:39 | Scout Tower |
| 12:40 | Scout Tower |
| 12:40 | Scout Tower |
| 12:41 | Scout Tower |
| 12:42 | Scout Tower |
| 12:43 | Scout Tower |
| 12:45 | Scout Tower |
| 12:45 | Scout Tower |
| 12:45 | Scout Tower |
| 12:57 | Holy Light |
| 13:27 | Guard Tower |
| 13:37 | Peasant |
| 13:38 | Peasant |
| 14:26 | Guard Tower |
| 14:29 | Scout Tower |
| 14:42 | Scout Tower |
| 14:42 | Scout Tower |
| 14:43 | Scout Tower |
| 14:44 | Scout Tower |
| 14:55 | Scout Tower |
| 14:55 | Scout Tower |
| 14:57 | Scout Tower |
| 14:57 | Scout Tower |
| 14:58 | Scout Tower |
| 14:58 | Scout Tower |
| 15:11 | Guard Tower |
| 15:13 | Scout Tower |
| 15:15 | Scout Tower |
| 15:16 | Scout Tower |
| 15:17 | Scout Tower |
| 15:17 | Scout Tower |
| 15:19 | Guard Tower |
| 15:22 | Scout Tower |
| 15:23 | Scout Tower |
| 15:32 | Scout Tower |
| 15:40 | Scout Tower |
| 15:41 | Scout Tower |
| 15:41 | Scout Tower |
| 15:45 | Scout Tower |
| 15:45 | Scout Tower |
| 15:47 | Scout Tower |
| 15:47 | Scout Tower |
| 15:48 | Scout Tower |
| 15:48 | Scout Tower |
| 15:50 | Guard Tower |
| 15:51 | Scout Tower |
| 15:52 | Scout Tower |
| 15:59 | Guard Tower |
| 16:15 | Guard Tower |
| 16:16 | Guard Tower |
| 16:18 | Guard Tower |
| 16:21 | Scout Tower |
| 16:22 | Scout Tower |
| 16:23 | Scout Tower |
| 16:23 | Scout Tower |
| 16:30 | Guard Tower |
| 16:32 | Guard Tower |
| 16:34 | Peasant |
| 16:34 | Peasant |
| 16:34 | Peasant |
| 16:37 | Guard Tower |
| 16:42 | Guard Tower |
| 16:49 | Guard Tower |
| 16:52 | Guard Tower |
| 16:52 | Guard Tower |
| 16:55 | Guard Tower |
| 16:59 | Guard Tower |
| 17:03 | Scout Tower |
| 17:06 | Scout Tower |
| 17:07 | Scout Tower |
| 17:07 | Scout Tower |
| 17:11 | Guard Tower |
| 17:19 | Guard Tower |
| 17:21 | Scout Tower |
| 17:25 | Guard Tower |
| 17:40 | Guard Tower |
| 17:44 | Guard Tower |
| 17:46 | Scout Tower |
| 17:48 | Guard Tower |
| 17:54 | Guard Tower |
| 18:12 | Guard Tower |
| 18:30 | Guard Tower |
| Right click | 805 |
| Select | 480 |
| Build/train/purchase | 148 |
| Select group | 145 |
| Assign group | 130 |
| Use ability | 33 |
| Misc. action | 20 |
| Minimap ping | 10 |
| Remove unit | 3 |


| Potion of Healing | 2 | 300 |
| Lesser Clarity Potion | 2 | 140 |
| Boots of Speed | 1 | 250 |
| Staff of Teleportation | 1 | 150 |
| Orb of Corruption | 1 | 375 |
| total: | 7 | 1215g |
| Peasant | 17 | 1275 | / | 0 |
| Siege Engine | 13 | 2535 | / | 780 |
| total: | 30 | 3810g | / | 780w |
| Scout Tower | 42 | 1260 | / | 840 |
| Arcane Tower | 6 | 420 | / | 300 |
| Guard Tower | 28 | 1960 | / | 1400 |
| Altar of Kings | 1 | 180 | / | 50 |
| Farm | 11 | 880 | / | 220 |
| Lumber Mill | 2 | 240 | / | 0 |
| Town Hall | 1 | 385 | / | 205 |
| Blacksmith | 1 | 140 | / | 60 |
| Arcane Vault | 2 | 260 | / | 60 |
| Arcane Sanctum | 2 | 300 | / | 280 |
| Workshop | 4 | 560 | / | 560 |
| Keep | 1 | 320 | / | 210 |
| Castle | 1 | 360 | / | 210 |
| total: | 66 | 4205g | / | 2275w |
| 0:02 | Peasant |
| 0:02 | Peasant |
| 0:07 | Altar of Kings |
| 0:21 | Farm |
| 0:22 | Peasant |
| 0:38 | Lumber Mill |
| 0:59 | Scout Tower |
| 1:00 | Peasant |
| 1:02 | Peasant |
| 1:19 | Farm |
| 1:20 | Peasant |
| 1:23 | Scout Tower |
| 1:38 | Peasant |
| 1:42 | Arcane Tower |
| 1:58 | Scout Tower |
| 1:59 | Scout Tower |
| 2:02 | Peasant |
| 2:02 | Peasant |
| 2:09 | Blizzard |
| 2:15 | Guard Tower |
| 2:16 | Scout Tower |
| 2:18 | Scout Tower |
| 2:18 | Scout Tower |
| 2:38 | Scout Tower |
| 2:38 | Scout Tower |
| 2:40 | Scout Tower |
| 2:41 | Scout Tower |
| 2:42 | Guard Tower |
| 2:55 | Guard Tower |
| 2:56 | Scout Tower |
| 2:56 | Scout Tower |
| 2:58 | Peasant |
| 2:59 | Peasant |
| 2:59 | Peasant |
| 3:02 | Guard Tower |
| 3:04 | Scout Tower |
| 3:04 | Scout Tower |
| 3:08 | Guard Tower |
| 3:22 | Brilliance Aura |
| 3:26 | Guard Tower |
| 3:27 | Scout Tower |
| 3:32 | Peasant |
| 3:33 | Peasant |
| 3:33 | Peasant |
| 3:41 | Boots of Speed |
| 3:41 | Staff of Teleportation |
| 3:47 | Peasant |
| 3:48 | Peasant |
| 3:55 | Guard Tower |
| 4:19 | Guard Tower |
| 4:20 | Guard Tower |
| 4:22 | Guard Tower |
| 4:57 | Guard Tower |
| 4:58 | Scout Tower |
| 4:59 | Scout Tower |
| 4:59 | Scout Tower |
| 5:16 | Guard Tower |
| 5:17 | Scout Tower |
| 5:18 | Keep |
| 5:19 | Scout Tower |
| 5:19 | Scout Tower |
| 5:20 | Scout Tower |
| 5:30 | Farm |
| 5:30 | Farm |
| 5:38 | Improved Masonry |
| 5:45 | Guard Tower |
| 5:53 | Guard Tower |
| 6:19 | Guard Tower |
| 6:48 | Guard Tower |
| 7:08 | Scout Tower |
| 7:08 | Scout Tower |
| 7:09 | Scout Tower |
| 7:11 | Guard Tower |
| 7:11 | Arcane Tower |
| 7:31 | Scout Tower |
| 7:31 | Scout Tower |
| 7:32 | Scout Tower |
| 7:33 | Scout Tower |
| 7:33 | Scout Tower |
| 7:34 | Scout Tower |
| 7:35 | Scout Tower |
| 7:35 | Scout Tower |
| 7:36 | Scout Tower |
| 7:40 | Town Hall |
| 7:46 | Arcane Tower |
| 7:52 | Scout Tower |
| 8:31 | Blizzard |
| 8:44 | Arcane Tower |
| 8:45 | Arcane Tower |
| 8:46 | Guard Tower |
| 8:48 | Arcane Tower |
| 8:53 | Castle |
| 9:20 | Storm Bolt |
| 9:25 | Guard Tower |
| 9:26 | Scout Tower |
| 9:27 | Scout Tower |
| 9:27 | Scout Tower |
| 9:28 | Scout Tower |
| 9:28 | Scout Tower |
| 9:29 | Scout Tower |
| 9:30 | Guard Tower |
| 9:30 | Guard Tower |
| 10:04 | Guard Tower |
| 10:19 | Advanced Masonry |
| 10:22 | Arcane Sanctum |
| 10:39 | Potion of Healing |
| 10:44 | Potion of Healing |
| 10:46 | Lesser Clarity Potion |
| 10:46 | Lesser Clarity Potion |
| 11:01 | Blacksmith |
| 11:18 | Arcane Sanctum |
| 11:20 | Farm |
| 11:21 | Farm |
| 11:28 | Arcane Vault |
| 11:30 | Guard Tower |
| 11:51 | Orb of Corruption |
| 12:13 | Arcane Vault |
| 12:22 | Workshop |
| 12:24 | Workshop |
| 12:33 | Workshop |
| 12:34 | Workshop |
| 12:36 | Black Gunpowder |
| 13:11 | Magic Sentry |
| 13:27 | Bash |
| 13:34 | Brilliance Aura |
| 13:42 | Farm |
| 13:42 | Farm |
| 13:42 | Farm |
| 13:43 | Siege Engine |
| 13:44 | Siege Engine |
| 13:46 | Refined Gunpowder |
| 13:53 | Siege Engine |
| 14:14 | Siege Engine |
| 14:14 | Siege Engine |
| 14:15 | Siege Engine |
| 14:22 | Lumber Mill |
| 15:04 | Imbued Gunpowder |
| 15:19 | Siege Engine |
| 15:20 | Siege Engine |
| 15:20 | Siege Engine |
| 15:23 | Farm |
| 15:23 | Farm |
| 15:55 | Storm Bolt |
| 16:11 | Siege Engine |
| 16:12 | Siege Engine |
| 16:12 | Siege Engine |
| 16:12 | Siege Engine |
| 16:16 | Iron Plating |
| Right click | 1351 |
| Select | 366 |
| Select group | 236 |
| Build/train/purchase | 117 |
| Misc. action | 44 |
| Use ability | 32 |
| Chat | 24 |
| Assign group | 13 |
| Minimap ping | 8 |
| Remove unit | 4 |
| Item give/drop | 2 |
| Esc | 1 |



| Orb of Venom | 1 | 325 |
| Boots of Speed | 3 | 750 |
| Staff of Teleportation | 3 | 450 |
| Circlet of Nobility | 2 | 350 |
| Periapt of Vitality | 1 | 325 |
| Scroll of Regeneration | 1 | 100 |
| total: | 11 | 2300g |
| Wisp | 38 | 2280 | / | 0 |
| total: | 38 | 2280g | / | 0w |
| Altar of Elders | 1 | 180 | / | 50 |
| Moon Well | 10 | 1800 | / | 400 |
| Ancient of Wonders | 3 | 270 | / | 90 |
| Tree of Life | 3 | 1020 | / | 555 |
| Hunter's Hall | 1 | 210 | / | 100 |
| Tree of Ages | 1 | 320 | / | 180 |
| Tree of Eternity | 1 | 330 | / | 200 |
| total: | 18 | 3480g | / | 1195w |
| 0:04 | Wisp |
| 0:05 | Wisp |
| 0:07 | Altar of Elders |
| 0:15 | Moon Well |
| 0:42 | Wisp |
| 0:42 | Wisp |
| 0:56 | Moon Well |
| 1:12 | Wisp |
| 1:13 | Wisp |
| 1:39 | Wisp |
| 1:39 | Wisp |
| 1:39 | Wisp |
| 2:04 | Wisp |
| 2:08 | Entangling Roots |
| 2:14 | Wisp |
| 3:20 | Wisp |
| 3:21 | Wisp |
| 3:45 | Boots of Speed |
| 3:45 | Staff of Teleportation |
| 3:50 | Circlet of Nobility |
| 4:39 | Tree of Ages |
| 5:26 | Ancient of Wonders |
| 6:06 | Thorns Aura |
| 6:16 | Tree of Life |
| 7:43 | Tree of Life |
| 7:46 | Wisp |
| 7:47 | Wisp |
| 7:47 | Wisp |
| 8:03 | Wisp |
| 8:03 | Wisp |
| 8:05 | Searing Arrows |
| 8:35 | Entangling Roots |
| 9:45 | Tree of Eternity |
| 9:59 | Moon Well |
| 10:00 | Moon Well |
| 10:17 | Trueshot Aura |
| 10:26 | Moon Well |
| 10:28 | Moon Well |
| 10:31 | Hunter's Hall |
| 10:38 | Scroll of Regeneration |
| 10:45 | Wisp |
| 10:46 | Wisp |
| 10:46 | Wisp |
| 10:46 | Wisp |
| 10:46 | Wisp |
| 10:51 | Moon Well |
| 10:51 | Moon Well |
| 11:01 | Moon Well |
| 11:01 | Moon Well |
| 11:18 | Ancient of Wonders |
| 11:19 | Ancient of Wonders |
| 11:44 | Tree of Life |
| 12:14 | Boots of Speed |
| 12:14 | Staff of Teleportation |
| 12:16 | Orb of Venom |
| 12:26 | Well Spring |
| 12:27 | Ultravision |
| 12:47 | Forked Lightning |
| 13:02 | Wisp |
| 13:02 | Wisp |
| 13:02 | Wisp |
| 13:02 | Wisp |
| 13:02 | Wisp |
| 13:02 | Wisp |
| 13:03 | Wisp |
| 13:03 | Wisp |
| 13:05 | Wisp |
| 14:31 | Wisp |
| 14:31 | Wisp |
| 14:31 | Wisp |
| 14:32 | Wisp |
| 14:32 | Wisp |
| 14:35 | Wisp |
| 14:40 | Reinforced Hides |
| 14:40 | Strength of the Wild |
| 15:59 | Boots of Speed |
| 15:59 | Staff of Teleportation |
| 16:02 | Circlet of Nobility |
| 16:02 | Periapt of Vitality |
| 17:00 | Thorns Aura |
| 17:01 | Frost Arrows |
| 17:17 | Trueshot Aura |
| Right click | 933 |
| Select group | 410 |
| Resource trade | 185 |
| Select | 172 |
| Chat | 91 |
| Build/train/purchase | 76 |
| Use ability | 48 |
| Misc. action | 28 |
| Minimap ping | 21 |
| Assign group | 5 |
| Item give/drop | 2 |
99 units @ 9.7k
/ 0.5k
62 buildings @ 8.2k
/ 3.6k



| Lesser Clarity Potion | 1 | 70 |
| Scroll of Regeneration | 2 | 200 |
| Staff of Sanctuary | 1 | 250 |
| total: | 4 | 520g |
| Peasant | 15 | 1125 | / | 0 |
| Gryphon Rider | 3 | 840 | / | 210 |
| Forest Troll Berserker | 1 | 245 | / | 30 |
| Forest Troll Shadow Priest | 1 | 195 | / | 10 |
| total: | 20 | 2405g | / | 250w |
| Farm | 9 | 720 | / | 180 |
| Altar of Kings | 1 | 180 | / | 50 |
| Lumber Mill | 1 | 120 | / | 0 |
| Arcane Vault | 2 | 260 | / | 60 |
| Blacksmith | 1 | 140 | / | 60 |
| Town Hall | 1 | 385 | / | 205 |
| Gryphon Aviary | 2 | 280 | / | 300 |
| Keep | 1 | 320 | / | 210 |
| Castle | 1 | 360 | / | 210 |
| total: | 17 | 2085g | / | 855w |
| 0:04 | Peasant |
| 0:10 | Peasant |
| 0:25 | Farm |
| 0:32 | Peasant |
| 0:35 | Altar of Kings |
| 0:37 | Peasant |
| 0:45 | Farm |
| 0:51 | Farm |
| 0:52 | Peasant |
| 0:55 | Lumber Mill |
| 0:59 | Peasant |
| 1:04 | Peasant |
| 1:07 | Peasant |
| 1:18 | Farm |
| 1:32 | Arcane Vault |
| 1:34 | Peasant |
| 1:45 | Peasant |
| 1:51 | Peasant |
| 1:59 | Farm |
| 2:06 | Arcane Vault |
| 2:14 | Farm |
| 2:22 | Peasant |
| 2:41 | Breath of Fire |
| 2:49 | Keep |
| 3:52 | Lesser Clarity Potion |
| 3:53 | Scroll of Regeneration |
| 4:04 | Farm |
| 4:06 | Farm |
| 4:16 | Drunken Haze |
| 5:02 | Blacksmith |
| 5:35 | Forest Troll Berserker |
| 5:35 | Forest Troll Shadow Priest |
| 6:02 | Castle |
| 6:03 | Improved Lumber Harvesting |
| 6:41 | Gryphon Aviary |
| 6:42 | Gryphon Aviary |
| 6:44 | Iron Forged Swords |
| 6:50 | Siphon Mana |
| 6:52 | Breath of Fire |
| 7:27 | Scroll of Regeneration |
| 8:18 | Flame Strike |
| 8:25 | Town Hall |
| 8:36 | Storm Hammers |
| 8:39 | Advanced Lumber Harvesting |
| 8:39 | Peasant |
| 8:39 | Peasant |
| 8:44 | Gryphon Rider |
| 8:52 | Staff of Sanctuary |
| 9:09 | Farm |
| 9:35 | Gryphon Rider |
| 9:38 | Holy Light |
| 9:49 | Peasant |
| 10:17 | Gryphon Rider |
| Right click | 548 |
| Select | 271 |
| Select group | 75 |
| Assign group | 57 |
| Build/train/purchase | 54 |
| Use ability | 17 |
| Remove unit | 3 |


| Scroll of Regeneration | 1 | 100 |
| Lesser Clarity Potion | 1 | 70 |
| Scroll of Town Portal | 1 | 350 |
| total: | 3 | 520g |
| Peasant | 13 | 975 | / | 0 |
| Footman | 4 | 540 | / | 0 |
| Priest | 3 | 405 | / | 30 |
| Sorceress | 3 | 465 | / | 60 |
| Flying Machine | 1 | 100 | / | 30 |
| total: | 24 | 2485g | / | 120w |
| Scout Tower | 2 | 60 | / | 40 |
| Arcane Tower | 4 | 280 | / | 200 |
| Altar of Kings | 1 | 180 | / | 50 |
| Farm | 5 | 400 | / | 100 |
| Barracks | 1 | 160 | / | 60 |
| Arcane Vault | 1 | 130 | / | 30 |
| Lumber Mill | 1 | 120 | / | 0 |
| Blacksmith | 1 | 140 | / | 60 |
| Arcane Sanctum | 2 | 300 | / | 280 |
| Workshop | 2 | 280 | / | 280 |
| Keep | 3 | 960 | / | 630 |
| total: | 16 | 1770g | / | 900w |
| 0:03 | Peasant |
| 0:03 | Peasant |
| 0:03 | Peasant |
| 0:10 | Altar of Kings |
| 0:18 | Farm |
| 0:24 | Barracks |
| 0:44 | Peasant |
| 0:59 | Farm |
| 1:02 | Peasant |
| 1:06 | Peasant |
| 1:17 | Peasant |
| 1:31 | Footman |
| 1:39 | Farm |
| 1:45 | Scout Tower |
| 1:53 | Peasant |
| 1:56 | Footman |
| 2:10 | Blizzard |
| 2:13 | Arcane Tower |
| 2:17 | Farm |
| 2:20 | Peasant |
| 2:20 | Peasant |
| 2:20 | Peasant |
| 2:27 | Peasant |
| 2:37 | Farm |
| 2:41 | Peasant |
| 2:59 | Footman |
| 3:20 | Keep |
| 3:20 | Keep |
| 3:30 | Scout Tower |
| 3:57 | Footman |
| 4:13 | Defend |
| 5:00 | Arcane Vault |
| 5:05 | Arcane Tower |
| 5:25 | Scroll of Regeneration |
| 5:25 | Lesser Clarity Potion |
| 5:35 | Lumber Mill |
| 5:43 | Scroll of Town Portal |
| 5:49 | Arcane Sanctum |
| 5:53 | Arcane Sanctum |
| 6:09 | Blacksmith |
| 7:04 | Priest |
| 7:20 | Priest |
| 7:20 | Sorceress |
| 7:32 | Workshop |
| 7:46 | Priest |
| 8:06 | Workshop |
| 8:11 | Flame Strike |
| 8:31 | Sorceress Adept Training |
| 8:31 | Sorceress |
| 9:15 | Sorceress |
| 9:27 | Flying Machine |
| Select group | 679 |
| Select | 333 |
| Right click | 307 |
| Misc. action | 68 |
| Build/train/purchase | 53 |
| Assign group | 13 |
| Use ability | 10 |
| Minimap ping | 5 |
| Esc | 1 |

| Wisp | 35 | 2100 | / | 0 |
| total: | 35 | 2100g | / | 0w |
| Ancient Protector | 8 | 1080 | / | 640 |
| Moon Well | 4 | 720 | / | 160 |
| Altar of Elders | 1 | 180 | / | 50 |
| Hunter's Hall | 1 | 210 | / | 100 |
| Tree of Life | 1 | 340 | / | 185 |
| Tree of Ages | 1 | 320 | / | 180 |
| total: | 15 | 2530g | / | 1135w |
| 0:06 | Moon Well |
| 0:22 | Wisp |
| 0:22 | Wisp |
| 0:22 | Wisp |
| 0:22 | Wisp |
| 0:29 | Altar of Elders |
| 0:31 | Wisp |
| 0:34 | Wisp |
| 0:55 | Wisp |
| 1:04 | Moon Well |
| 1:48 | Wisp |
| 2:02 | Hunter's Hall |
| 2:03 | Wisp |
| 2:37 | Wisp |
| 2:44 | Force of Nature |
| 3:04 | Ultravision |
| 3:06 | Ancient Protector |
| 3:27 | Wisp |
| 3:27 | Wisp |
| 3:27 | Wisp |
| 3:27 | Wisp |
| 3:43 | Wisp |
| 3:50 | Moon Well |
| 4:39 | Wisp |
| 4:39 | Wisp |
| 4:39 | Wisp |
| 4:41 | Wisp |
| 4:45 | Ancient Protector |
| 5:04 | Wisp |
| 5:04 | Wisp |
| 5:09 | Ancient Protector |
| 5:11 | Wisp |
| 6:00 | Wisp |
| 6:07 | Ancient Protector |
| 6:08 | Wisp |
| 6:08 | Wisp |
| 6:10 | Wisp |
| 6:10 | Wisp |
| 6:16 | Tree of Life |
| 6:46 | Wisp |
| 6:51 | Moon Well |
| 7:02 | Entangling Roots |
| 7:26 | Ancient Protector |
| 7:49 | Ancient Protector |
| 7:54 | Wisp |
| 7:57 | Wisp |
| 8:05 | Ancient Protector |
| 8:17 | Tree of Ages |
| 9:27 | Wisp |
| 9:32 | Wisp |
| 9:32 | Wisp |
| 9:32 | Wisp |
| 9:33 | Wisp |
| 9:41 | Ancient Protector |
| Select | 157 |
| Right click | 95 |
| Build/train/purchase | 52 |
| Use ability | 17 |
| Misc. action | 1 |


| Scroll of Regeneration | 1 | 100 |
| total: | 1 | 100g |
| Peasant | 6 | 450 | / | 0 |
| Footman | 9 | 1215 | / | 0 |
| Rifleman | 5 | 1025 | / | 150 |
| total: | 20 | 2690g | / | 150w |
| Barracks | 1 | 160 | / | 60 |
| Altar of Kings | 1 | 180 | / | 50 |
| Farm | 7 | 560 | / | 140 |
| Arcane Vault | 1 | 130 | / | 30 |
| Blacksmith | 1 | 140 | / | 60 |
| Lumber Mill | 1 | 120 | / | 0 |
| Town Hall | 1 | 385 | / | 205 |
| Arcane Sanctum | 1 | 150 | / | 140 |
| Keep | 1 | 320 | / | 210 |
| total: | 14 | 1825g | / | 685w |
| 0:04 | Peasant |
| 0:04 | Peasant |
| 0:05 | Peasant |
| 0:18 | Barracks |
| 0:26 | Altar of Kings |
| 0:30 | Peasant |
| 0:37 | Farm |
| 0:56 | Peasant |
| 1:07 | Farm |
| 1:34 | Peasant |
| 1:39 | Footman |
| 1:57 | Farm |
| 2:02 | Footman |
| 2:13 | Arcane Vault |
| 2:24 | Footman |
| 2:24 | Footman |
| 2:29 | Summon Water Elemental |
| 2:38 | Footman |
| 3:14 | Keep |
| 3:24 | Footman |
| 4:03 | Footman |
| 4:11 | Blacksmith |
| 4:59 | Brilliance Aura |
| 5:09 | Footman |
| 5:14 | Scroll of Regeneration |
| 5:15 | Footman |
| 5:23 | Farm |
| 6:23 | Farm |
| 6:44 | Arcane Sanctum |
| 7:03 | Rifleman |
| 7:06 | Rifleman |
| 7:11 | Lumber Mill |
| 7:32 | Farm |
| 7:36 | Farm |
| 7:42 | Storm Bolt |
| 8:30 | Rifleman |
| 8:30 | Rifleman |
| 8:46 | Town Hall |
| 9:23 | Rifleman |
| Right click | 198 |
| Select | 118 |
| Build/train/purchase | 32 |
| Assign group | 5 |
| Select group | 5 |
| Use ability | 1 |
⇛